 Dungeon Crawl Stone Soup version 0.29.1-15-g9cfb28693d (webtiles) character file.

Game seed: 7561719611881805808

9741 jtron the Gouger (level 11, -2/73 (79) HPs)
             Began as a Felid Berserker on Feb 26, 2023.
             Was a High Priest of Trog.
             Slain by Nergalle
             ... wielding a +4 vampiric dagger
              (4 damage)
             ... on level 11 of the Dungeon.
             The game lasted 00:36:29 (12832 turns).

jtron the Gouger (Felid Berserker)                 Turns: 12832, Time: 00:36:29

HP:   -2/73 (79)    AC:  6    Str: 17    XL:     11   Next: 27%
MP:   12/12         EV: 24    Int:  9    God:    Trog [*****.]
Gold: 844           SH:  0    Dex: 16    Spells: 10/10 levels left
                                        Lives: 0   Deaths: 3

rFire   . . .      SeeInvis +     - Unarmed
rCold   . . .      Faith    .   (shield unavailable)
rNeg    . . .      Spirit   .   (body armour unavailable)
rPois   +          Reflect  .   (helmet unavailable)
rElec   .          Harm     .   (cloak unavailable)
rCorr   .          Rampage  .   (gloves unavailable)
Will    +....                   (boots unavailable)
Stlth   ..........              (no amulet)
HPRegen 0.22/turn               h - ring of poison resistance
MPRegen 0.13/turn               m - +4 ring of protection

@: berserking, drained, very quick
A: very small, claws 1, fangs 3, see invisible, speed 1, shaggy fur 2, stealthy
paws, no weapons or thrown items, no armour, multi-lived
a: Renounce Religion, Berserk, Trog's Hand, Brothers in Arms


You were on level 11 of the Dungeon.
You worshipped Trog.
Trog was extremely pleased with you.
You visited 3 branches of the dungeon, and saw 14 of its levels.
You also visited: Sewer and Ossuary.

You collected 844 gold pieces.

Inventory:

Jewellery
 e - a ring of resist corrosion
 h - a ring of poison resistance (left paw)
 m - a +4 ring of protection (right paw)
 n - a ring of protection from cold
 t - an amulet of faith
 y - an amulet of guardian spirit
Wands
 i - a wand of iceblast (6)
 k - a wand of flame (6)
 v - a wand of mindburst (6)
Scrolls
 d - a scroll of poison
 f - 2 scrolls of magic mapping
 g - 3 scrolls of blinking
 r - a scroll of butterflies
 x - 2 scrolls of teleportation
 A - a scroll of summoning {unknown}
Potions
 a - 10 potions of curing
 b - a potion of might
 c - a potion of haste
 o - a potion of berserk rage
 p - 2 potions of cancellation
 q - 6 potions of flight
 s - 2 potions of lignification
 u - a potion of resistance
 w - 3 potions of attraction
 z - a potion of magic


   Skills:
 * Level 9.4 Fighting
 + Level 11.0 Dodging
 + Level 11.5 Stealth
 + Level 13.4 Unarmed Combat
 + Level 2.2 Evocations


You had 10 spell levels left.
You didn't know any spells.
Your spell library was empty.

Dungeon Overview and Level Annotations

Branches:
Dungeon (11/15)            Temple (0/1) D:5            Lair (1/5) D:10
    Orc (2/2) D:10          Sewer (visited)         Ossuary (visited)
    Elf: Orc:2

Altars:
Makhleb
Nemelex Xobeh
Okawaru
Trog
Uskayaw
Yredelemnul

Shops:
D:7 **   Orc:1 *

Annotations:
D:7 2 transporters, growler's ghost, novice DrTm
D:11 Nergalle


Innate Abilities, Weirdness & Mutations

You have sharp claws.
You have razor-sharp teeth.
You have supernaturally acute eyesight. (SInv)
You cover ground quickly. (Speed+)
You are covered in thick fur. (AC +2)
Your paws help you pounce on unaware monsters.
You are incapable of wielding weapons or throwing items.
You cannot wear armour.
You gain extra lives every three experience levels.


Message History

Found 11 gold pieces.
You now have 844 gold pieces (gained 11).
Found 13 gold pieces.
Found a stone staircase leading down.
As you open the door, it creaks loudly!
You hear a shout!
Found a Young Poisoner's Handbook.
There is an open door here.
You open the door.
Found 13 gold pieces.
There is an open door here.
Nergalle the Soulbinder comes into view.
She is wielding a +4 vampiric dagger.
Nergalle moves out of view.
Aiming: Iceblast
Press: ? - help, Shift-Dir - straight line, f - Nergalle
Aim: Nergalle, wielding a +4 vampiric dagger and wearing a +0 robe The mass of ice explodes!
The iceblast engulfs Nergalle!
Nergalle is lightly wounded.
Aiming: Mindburst
Press: ? - help, Shift-Dir - straight line, f/p - Nergalle
Aim: Nergalle, wielding a +4 vampiric dagger and wearing a +0 robe (lightly wounded, chance to affect: 39%) Nergalle resists with some effort.
Nergalle gestures at you while chanting.
The bolt of negative energy hits you!!!
You feel drained.
Ouch! That really hurt!
* * * LOW HITPOINT WARNING * * *
Found a scroll of teleportation.
A red film seems to cover your vision as you go berserk!
You feel yourself moving faster!
You feel mighty!
Nergalle points at you and mumbles some strange words.
The bolt of negative energy misses you.
You feel a strong urge to attack something.
Nergalle hits you with a +4 vampiric dagger.
* * * LOW HITPOINT WARNING * * *
Nergalle draws strength from your wounds!
You mangle Nergalle!! Your claw misses Nergalle.
Nergalle is heavily wounded.
You claw Nergalle!
Nergalle is severely wounded.
Nergalle hits you with a +4 vampiric dagger.
You die...

.......#'#.#...#
##....#...#...#
#....'..:#...#
#....#...#....
#....#...#.....
#....#...#
#....#####..
#....o......
#.$.@.......
#...........
#...........
#...........
#......#####
#......#
#......#
#.....?#


You could see Nergalle.

Vanquished Creatures
  A hydra (D:11)
  A boulder beetle (D:11)
  2 two-headed ogres
  A manticore (D:11)
  A black mamba (shapeshifter) (D:7)
  Joseph (D:7)
  Maggie (D:10)
  A cane toad (Lair:1)
  2 hornets
  Sigmund (D:3)
  A shadow (D:11)
  4 wyverns
  A vampire (D:9)
  13 yaks
  A steam dragon (D:7)
  2 wargs (Orc:1)
  An acid dragon (D:10)
  Pargi (Sewer)
  7 orc warriors
  3 black bears (D:5)
  4 ice beasts
  4 sky beasts
  3 ogres
  A hornet zombie (Ossuary)
  3 centaurs
  3 kobold brigands
  5 bullfrogs
  3 necrophages (D:7)
  5 scorpions
  A water moccasin zombie (D:7)
  5 wights
  5 killer bees (D:9)
  6 howler monkeys
  2 bullfrog zombies (Ossuary)
  2 centaur zombies (Ossuary)
  5 jellies
  A hound (D:4)
  A gnoll bouda (D:7)
  A human zombie (D:7)
  7 orc priests
  3 iguanas
  Natasha (thrice) (D:3)
  18 orc wizards
  9 killer bee zombies
  17 mummies
  9 gnolls
  7 adders
  A river rat (D:4)
  2 shadow imps
  2 white imps
  An ufetubus (D:7)
  2 dart slugs (D:2)
  33 orcs
  5 ball pythons
  8 bats
  2 endoplasms (D:3)
  5 giant cockroaches
  5 goblins
  6 hobgoblins
  5 quokkas
  A frilled lizard (D:2)
  15 kobolds
  6 rats
278 creatures vanquished.

Vanquished Creatures (collateral kills)
  An orc knight (Orc:1)
  A troll (Orc:1)
  2 wargs (Orc:1)
  2 orc warriors (Orc:1)
  An orc priest (Orc:1)
  An orc wizard (Orc:1)
  5 orcs (Orc:1)
13 creatures vanquished.

Vanquished Creatures (others)
  16 plants
  10 withered plants (Ossuary)
26 creatures vanquished.

Grand Total: 317 creatures vanquished

Notes
Turn   | Place    | Note
-------+----------+-------------------------------------------
     0 | D:1      | jtron the Felid Berserker began the quest for the Orb.
     0 | D:1      | Reached XP level 1. HP: 10/10 MP: 2/2
   186 | D:1      | Reached XP level 2. HP: 6/14 MP: 3/3
   657 | D:2      | Noticed an ogre
   672 | D:2      | Killed an ogre
   673 | D:2      | Reached skill level 5 in Dodging
   673 | D:2      | Reached skill level 4 in Unarmed Combat
   673 | D:2      | Reached XP level 3. HP: 18/18 MP: 4/4
   673 | D:2      | Reached XP level 4. HP: 22/22 MP: 5/5
  1251 | D:2      | Reached ** piety under Trog
  1757 | D:3      | Found a sparkling altar of Nemelex Xobeh.
  1759 | D:3      | Found a hide-covered altar of Uskayaw.
  1788 | D:3      | Noticed Natasha
  1799 | D:3      | Killed Natasha
  1800 | D:3      | Reached XP level 5. HP: 12/25 MP: 6/6
  2256 | D:3      | Noticed Natasha
  2265 | D:3      | Killed Natasha
  2268 | D:3      | Noticed Natasha
  2431 | D:3      | Noticed Sigmund
  2449 | D:3      | HP: 1/25 [Sigmund/magic dart (10)]
  2452 | D:3      | Killed Sigmund
  2453 | D:3      | Reached skill level 1 in Stealth
  2453 | D:3      | Reached skill level 5 in Unarmed Combat
  2453 | D:3      | Gained mutation: You are covered in thick fur. (AC +2)
                  | [Felid growth]
  2453 | D:3      | Reached XP level 6. HP: 2/28 MP: 7/7
  2769 | D:3      | Found a faded altar of an unknown god.
  2858 | D:3      | Killed Natasha
  3300 | D:4      | Found a glowing drain.
  3304 | Sewer    | Entered a sewer
  3339 | Sewer    | Noticed Pargi
  3355 | Sewer    | Killed Pargi
  3356 | Sewer    | Reached skill level 6 in Unarmed Combat
  3356 | Sewer    | Reached XP level 7. HP: 32/32 MP: 8/8
  3901 | D:4      | Found a bloodstained altar of Trog.
  4040 | D:5      | Entered Level 5 of the Dungeon
  4087 | D:5      | Reached skill level 7 in Unarmed Combat
  4122 | D:5      | Reached XP level 8. HP: 25/36 MP: 9/9
  4409 | D:5      | Reached skill level 5 in Fighting
  4494 | D:5      | Found a burning altar of Makhleb.
  4690 | D:5      | Found a staircase to the Ecumenical Temple.
  4745 | D:5      | Reached skill level 8 in Unarmed Combat
  5328 | D:6      | Reached skill level 5 in Stealth
  5720 | D:6      | Found an iron altar of Okawaru.
  6013 | D:7      | Noticed Joseph
  6028 | D:7      | Killed Joseph
  6029 | D:7      | Reached skill level 9 in Unarmed Combat
  6029 | D:7      | Reached XP level 9. HP: 37/41 MP: 10/10
  6038 | D:7      | Reached *** piety under Trog
  6433 | D:7      | Found a transporter.
  6449 | D:7      | Noticed growler's ghost (novice DrTm)
  6496 | D:7      | Found Muix's Assorted Antiques.
  6728 | D:7      | Found a transporter.
  6778 | D:7      | Reached skill level 10 in Unarmed Combat
  6975 | D:7      | Noticed a black mamba
  6975 | D:7      | Noticed a two-headed ogre
  6976 | D:7      | Noticed an unseen horror
  6985 | D:7      | Noticed a manticore
  6994 | D:7      | Killed a black mamba
  7008 | D:7      | Mangled by a manticore
  7009 | D:7      | Reached XP level 8. HP: -9/40 MP: 9/9
  7030 | D:7      | HP: 1/40 [barbs]
  7031 | D:7      | Succumbed to barbed spike wounds
  7032 | D:7      | Reached XP level 7. HP: -3/36 MP: 8/8
  7049 | D:7      | Found Muritte's Mass Market.
  7054 | D:7      | Reached XP level 8. HP: 40/40 MP: 9/9
  7292 | D:7      | Found a basalt altar of Yredelemnul.
  7697 | D:8      | Reached skill level 11 in Unarmed Combat
  7742 | D:8      | Found a sand-covered staircase.
  7751 | Ossuary  | Entered an ossuary
  7773 | Ossuary  | Reached **** piety under Trog
  7961 | Ossuary  | Reached XP level 9. HP: 32/43 MP: 10/10
  8382 | D:8      | HP: 2/43 [electric eel/bolt of electricity (8)]
  9093 | D:9      | Reached ***** piety under Trog
  9604 | D:9      | Noticed a two-headed ogre
  9612 | D:9      | Killed a two-headed ogre
  9613 | D:9      | Reached skill level 12 in Unarmed Combat
  9613 | D:9      | Reached skill level 1 in Evocations
  9613 | D:9      | Reached XP level 10. HP: 48/48 MP: 11/11
 10143 | D:10     | Entered Level 10 of the Dungeon
 10171 | D:10     | Noticed Maggie
 10176 | D:10     | Killed from afar by Maggie
 10177 | D:10     | Reached XP level 9. HP: -3/44 MP: 10/10
 10209 | D:10     | Found a staircase to the Lair.
 10414 | D:10     | Noticed a two-headed ogre
 10422 | D:10     | Killed a two-headed ogre
 10423 | D:10     | Reached skill level 10 in Dodging
 10423 | D:10     | Reached skill level 10 in Stealth
 10791 | D:10     | Reached XP level 10. HP: 49/49 MP: 11/11
 10869 | D:10     | Found a staircase to the Orcish Mines.
 11123 | D:10     | Killed Maggie
 11633 | Lair:1   | Entered Level 1 of the Lair of Beasts
 11637 | Lair:1   | Noticed a cane toad
 11644 | Lair:1   | Killed a cane toad
 11683 | Orc:1    | Entered Level 1 of the Orcish Mines
 11705 | Orc:1    | Noticed an orc knight
 11719 | Orc:1    | Killed an orc knight
 11975 | Orc:1    | Found Tagrebuh's Assorted Antiques.
 12154 | Orc:2    | Entered Level 2 of the Orcish Mines
 12154 | Orc:2    | Noticed an orc knight
 12154 | Orc:2    | Noticed an orc knight
 12154 | Orc:2    | Noticed a two-headed ogre
 12216 | D:11     | Noticed a boulder beetle
 12240 | D:11     | Noticed a four-headed hydra
 12242 | D:11     | Killed a four-headed hydra
 12243 | D:11     | Reached XP level 11. HP: 53/53 MP: 12/12
 12274 | D:11     | Reached skill level 13 in Unarmed Combat
 12309 | D:11     | Killed a boulder beetle
 12823 | D:11     | Noticed Nergalle
 12830 | D:11     | HP: 2/73 [Nergalle/+4 vampiric dagger (5)]
 12832 | D:11     | Slain by Nergalle

Illustrated notes

Levels and vault maps discovered:
D:1:      dpeg_arrival_round_b, layout_basic
D:2:      layout_loops_ring
D:3:      layout_rooms, chequers_temple_overflow_statue_of_worship,
          shapermc_ecumenical_altar_notcrosses, dk_noncrumbling_3,
          kennysheep_cluttered_room, minmay_puff, uniq_natasha, uniq_sigmund
D:4:      layout_rooms, mainiacjoe_overflow_alcove_4, gup_sewer_entry_bowl
D:5:      layout_loops_ring, bloody_makhleb, minmay_temple_entry_fiery
D:6:      layout_cave_pods, okawaru_metal_pillars_3
D:7:      nzn_winding_woodlands_three_and_one [nzn_winding_woodlands_5x15_pool,
          nzn_winding_woodlands_5x15_default, nzn_winding_woodlands_5x15_parted,
          nzn_winding_woodlands_center_pierced_h], layout_loops_ring,
          lemuel_mausoleum_altar_yredelemnul, serial_shops,
          nicolae_shop_waterfront, gammafunk_ghost_stat_death, minmay_shop_mass,
          uniq_joseph
D:8:      layout_rooms, nicolae_ossuary_entry_ruins, chequers_big_river
D:9:      layout_roguey
D:10:     layout_loops_ring, dpeg_oklobed_lair, erik_orc_3, uniq_maggie
D:11:     layout_irregular_city, uniq_nergalle
Lair:1:   layout_regular_city, grunt_megastairs_3
Orc:1:    layout_diamond_mine, serial_shops,
          nicolae_shop_temple_entry_statues_fountains, nicolae_lakefront_shop,
          shop
Orc:2:    grunt_orc_tribal_feast, layout_caves

Skill      XL: |  1  2  3  4  5  6  7  8  9 10 11 |
---------------+----------------------------------+-----
Dodging        | 5 6 9 10 11 | 11.0
Unarmed Combat | 4 5 6 7 11 12 13 | 13.4
Fighting       | 4 6 8 9 |  9.4
Stealth        | 1 2 3 5 10 11 | 11.5
Evocations     | 1 2 |  2.2

Action                   |  1- 3 |  4- 6 |  7- 9 | 10-12 || total
-------------------------+-------+-------+-------+-------++-------
Melee: Unarmed           |    35 |   128 |   490 |   191 ||   844
       Bite              |     2 |     9 |    64 |    25 ||   100
       Punch             |     1 |     8 |    21 |    14 ||    44
Invok: Berserk           |     1 |     4 |    13 |     4 ||    22
       Brothers in Arms  |       |       |       |     2 ||     2
Evoke: Wand              |       |       |     9 |    10 ||    19
  Use: Potion            |     2 |     1 |     2 |     3 ||     8
       Scroll            |       |     1 |    20 |     1 ||    22
 Stab: Sleeping          |       |     1 |    27 |    13 ||    41
       Distracted        |       |       |     1 |       ||     1
Armor: Skin              |     1 |    15 |    53 |    12 ||    81
Dodge: Dodged            |    29 |   120 |   365 |   130 ||   644
